 Dungeon Crawl Stone Soup version 0.30-a0-367-g839099abd5 (webtiles) character file.

Game seed: 6875687271831105826

95 sflrs the Shield-Bearer (level 4, -9/40 HPs)
             Began as a Minotaur Fighter on Nov 18, 2022.
             Was an Initiate of Okawaru.
             Mangled by Edmund
             ... wielding a +1 dire flail of protection
              (10 damage)
             ... on level 5 of the Dungeon.
             The game lasted 00:03:52 (2668 turns).

sflrs the Shield-Bearer (Minotaur Fighter)          Turns: 2668, Time: 00:03:53

Health: -9/40      AC:  8    Str: 22    XL:     4   Next: 39%
Magic:  3/3        EV: 10    Int:  5    God:    Okawaru [......]
Gold:   175        SH:  4    Dex: 10    Spells: 3/3 levels left

rFire   . . .      SeeInvis .    a - +0 war axe
rCold   . . .      Faith    .    c - +0 buckler
rNeg    . . .      Spirit   .    b - +0 scale mail
rPois   .          Reflect  .    n - +0 hat
rElec   .          Harm     .    (no cloak)
rCorr   .          Rampage  .    (no gloves)
Will    .....                    i - +0 pair of boots
Stlth   ..........               (no amulet)
HPRegen 0.26/turn                (no ring)
MPRegen 0.08/turn                (no ring)

@: mighty, about to teleport
A: horns 2, retaliatory headbutt
a: Renounce Religion


You were on level 5 of the Dungeon.
You worshipped Okawaru.
Okawaru was noncommittal.
You visited 1 branch of the dungeon, and saw 5 of its levels.

You collected 175 gold pieces.

Inventory:

Hand Weapons
 a - a +0 war axe (weapon)
Armour
 b - a +0 scale mail (worn)
 c - a +0 buckler (worn)
 i - a +0 pair of boots (worn)
 n - a +0 hat (worn)
Scrolls
 e - a scroll of torment {unknown}
 f - 5 scrolls of identify
 g - 2 scrolls of blinking {unknown}
 h - a scroll of amnesia {unknown}
 k - 2 scrolls of noise {unknown}
 l - a scroll of fear {unknown}
 m - a scroll of immolation {unknown}
 o - a scroll of brand weapon {unknown}
 p - a scroll of silence {unknown}
 r - 2 scrolls of teleportation
Potions
 d - a potion of might
 j - a potion of brilliance


   Skills:
 + Level 4.2 Fighting
 + Level 3.3 Axes
 + Level 4.3 Armour
 + Level 1.7 Dodging
 + Level 4.3 Shields


You had 3 spell levels left.
You didn't know any spells.
Your spell library contained the following spells:

 Spells                   Type           Power      Damage    Failure   Level
 Slow                     Hex            0%         N/A       87%         1
 Confusing Touch          Hex            0%         N/A       99%         3
 Kindle Blastsparks       Fire/Tloc/Air  0%         2d10      99%         3
 Vampiric Draining        Necr           0%         2d6       99%         3
 Fulminant Prism          Conj/Hex       0%         3d5       100%        4
 Iskenderun's Mystic Bla  Conj/Tloc      0%         2d3       100%        4
 Lee's Rapid Deconstruct  Erth           0%         3d4*      100%        5


Dungeon Overview and Level Annotations

Branches:
Dungeon (5/15)
 Temple: D:4-7

Altars:
Gozag
Okawaru
Trog

Annotations:
D:3 3 runed translucent doors, Smoky173's ghost, amateur DsMo
D:5 Edmund


Innate Abilities, Weirdness & Mutations

You have a pair of horns on your head.
You reflexively headbutt those who attack you in melee.


Message History

Edmund barely misses you.
You barely miss Edmund. Your headbutt misses Edmund.
Edmund is moderately wounded.
Edmund hits you with a +1 dire flail of protection.
You closely miss Edmund.
Edmund is moderately wounded.
Edmund hits you with a +1 dire flail of protection.
Edmund hits you but does no damage.
You closely miss Edmund.
Edmund is moderately wounded.
Edmund hits you with a +1 dire flail of protection!
You are too injured to fight recklessly!
You are too injured to fight recklessly!
You are too injured to fight recklessly!
You are too injured to fight recklessly!
You hit Edmund but do no damage. You headbutt Edmund!
Edmund is heavily wounded.
Edmund hits you with a +1 dire flail of protection.
You block Edmund's attack.
You hit Edmund.
Edmund is heavily wounded.
Edmund hits you with a +1 dire flail of protection!
* * * LOW HITPOINT WARNING * * *
Unknown command.
Okay, then.
Okay, then.
Unknown command.
You feel better. Edmund completely misses you.
Unknown command.
There is a stone staircase leading up here.
You feel very mighty all of a sudden.
Edmund hits you with a +1 dire flail of protection!
* * * LOW HITPOINT WARNING * * *
Unknown command.
Okay, then.
Unknown command.
As you read the scroll labelled MAVVOG ZUYXKI, it crumbles to dust.
You feel strangely unstable.
It was a scroll of teleportation.
Edmund hits you with a +1 dire flail of protection!
You die...

#+#
#.#
###.#
+..@#
##@##
#..#
##.#
..
###


You could see Edmund.

Vanquished Creatures
  A jelly (D:4)
  A shadow imp (D:5)
  A worm (D:4)
  2 dart slugs
  An orc (D:3)
  3 endoplasms
  A giant cockroach (D:1)
  7 goblins
  4 hobgoblins
  2 jackals (D:2)
  3 quokkas
  7 ball pythons
  5 bats
  3 frilled lizards (D:2)
  4 kobolds
  3 rats
48 creatures vanquished.

Notes
Turn   | Place    | Note
-------+----------+-------------------------------------------
     0 | D:1      | sflrs the Minotaur Fighter began the quest for the Orb.
     0 | D:1      | Reached XP level 1. HP: 19/19 MP: 0/0
   251 | D:1      | Reached XP level 2. HP: 26/27 MP: 1/1
   817 | D:2      | You fall into a shaft and drop 1 floor!
   868 | D:2      | Reached skill level 1 in Dodging
   900 | D:2      | Reached XP level 3. HP: 32/33 MP: 2/2
  1562 | D:3      | Found a bloodstained altar of Trog.
  1562 | D:3      | Found an iron altar of Okawaru.
  1572 | D:3      | Became a worshipper of Warmaster Okawaru
  1747 | D:3      | Found a runed translucent gate.
  1747 | D:3      | Found a runed translucent gate.
  1747 | D:3      | Found a runed translucent gate.
  1749 | D:3      | Noticed Smoky173's ghost (amateur DsMo)
  1750 | D:3      | Noticed a kobold brigand
  2288 | D:4      | Found an opulent altar of Gozag.
  2511 | D:4      | Reached XP level 4. HP: 38/40 MP: 3/3
  2649 | D:5      | Entered Level 5 of the Dungeon
  2655 | D:5      | Noticed Edmund
  2667 | D:5      | HP: 1/40 [Edmund/+1 dire flail of protection (12)]
  2668 | D:5      | Mangled by Edmund

Illustrated notes

Levels and vault maps discovered:
D:1:      dpeg_arrival_shelter, layout_basic
D:2:      layout_basic
D:3:      layout_loops_corners, grunt_temple_overflow_bloody_war,
          gammafunk_ghost_nasty_kobolds, minmay_misc_feat_more_columns
D:4:      layout_gridville, mainiacjoe_overflow_24_doors
D:5:      layout_basic, lemuel_doored_altar, serial_curves, eino_curves_03,
          eino_curves_04, eino_curves_04, minmay_misc_feat_square, uniq_edmund,
          uniq_blork_the_orc, uniq_ijyb, uniq_grinder

Skill      XL: |  1  2  3 |
---------------+----------+-----
Dodging        | 1 |  1.7
Fighting       | 4 |  4.2
Armour         | 4 |  4.3
Shields        | 4 |  4.3
Axes           | 3 |  3.3

Action                   |  1- 3 |  4- 6 || total
-------------------------+-------+-------++-------
Melee: War axe           |    85 |    21 ||   106
       Headbutt          |     7 |     3 ||    10
  Use: Scroll            |     2 |     1 ||     3
       Potion            |       |     2 ||     2
Armor: Scale mail        |    40 |     6 ||    46
Dodge: Dodged            |    51 |     9 ||    60
Block: Buckler           |    16 |     8 ||    24

Table legend: (Time is in decaauts)
 A = Elapsed time spent in this place.
 B = Non-inter-level travel time spent in this place.
 C = Inter-level travel time spent in this place.
 D = Time resting spent in this place.
 E = Time spent auto-exploring this place.
 F = Levels seen in this place.
 G = Mean time per level.
                   A        B        C        D        E       F      G
               +--------+--------+--------+--------+--------+-----+--------+
         Total |   2708 |   2505 |    203 |      0 |   2148 |   5 |  541.6 |
       Dungeon |   2708 |   2505 |    203 |      0 |   2148 |   5 |  541.6 |
               +--------+--------+--------+--------+--------+-----+--------+

Top non-repeatable levels by time:
     D:3: 1002 daAuts
     D:1: 741 daAuts
     D:2: 479 daAuts
     D:4: 460 daAuts
     D:5: 24 daAuts
